Map: Blackpink LE

Players

CinDra

  • Race: Zerg Zerg
  • League: Gold
  • Spawn Location: 1:00

YOONZERG - Winner!

  • Race: Zerg Zerg
  • League: Platinum
  • Spawn Location: 7:00

VOD

Have the link to the VOD?

Description

Time

  • Played on: March 13, 2018, 10:59 a.m.
  • Length: 6:51
Show
View Real Time Build Order
Export as new Build Order

CinDra Zerg 

Build Orders: Hatch First 

Get SALT Encoding   

  12  0:01  Drone  
  13  0:12  Overlord  
  13  0:17  Drone  
  14  0:31  Drone x2  
  14  0:34  Drone  
  17  0:53  Hatchery  
  16  0:57  Drone  
  16  1:03  Drone  
  18  1:06  Extractor  
  17  1:15  Spawning Pool  
  17  1:18  Drone  
  17  1:22  Drone  
  18  1:30  Drone  
  19  1:38  Overlord  
  19  1:49  Drone  
  20  2:03  Queen  
  20  2:05  Zergling x2, Queen  
  20  2:06  Zergling x2  
  26  2:11  Metabolic Boost  
  26  2:15  Drone  
  27  2:18  Drone  
  28  2:23  Drone  
  29  2:35  Drone  
  29  2:36  Drone  
  31  2:37  Overlord  
  31  2:55  Hatchery  
  31  2:57  Drone x3  
  33  3:00  Zergling x2  
  33  3:13  Zergling x4  
  33  3:15  Overlord x2  
  35  3:25  Overlord  
  35  3:32  Queen  
  37  3:36  Zergling x2  
  37  3:37  Zergling x10  
  39  4:05  Zergling x2  
  39  4:06  Zergling x10  
  39  4:08  Queen  
  39  4:09  Zergling x4  
  44  4:17  Zergling x2  
  45  4:34  Zergling x10  
  49  4:39  Drone  
  50  4:54  Drone x6  
  56  5:03  Roach Warren, Lair  
  52  5:20  Drone  
  52  5:21  Drone x7  
  60  5:27  Extractor  
  59  5:29  Evolution Chamber  
  59  5:33  Drone x6  
  59  5:34  Drone x2, Overlord  
  66  5:47  Overlord x2  
  66  5:48  Overlord  
  66  5:52  Drone  
  67  6:08  Zergling x4  
  67  6:09  Zergling x18  
  65  6:20  Zergling x6  
  65  6:22  Zergling x2  
Show
View Real Time Build Order
Export as new Build Order

YOONZERG Zerg - Winner!

Build Orders: Pool First 

Get SALT Encoding   

  12  0:01  Drone  
  13  0:08  Drone  
  14  0:17  Extractor  
  14  0:18  Drone  
  14  0:24  Overlord  
  14  0:42  Drone x2  
  16  0:48  Drone  
  17  0:56  Spawning Pool  
  16  0:58  Drone  
  17  1:06  Drone  
  18  1:16  Overlord  
  18  1:27  Drone  
  19  1:42  Extractor, Drone  
  19  1:47  Roach Warren  
  18  1:49  Drone  
  18  1:50  Queen  
  21  2:00  Drone  
  22  2:10  Overlord  
  22  2:26  Roach  
  24  2:34  Roach  
  26  2:41  Hatchery  
  26  2:44  Roach  
  27  2:58  Roach  
  29  3:02  Roach x3  
  35  3:09  Roach  
  37  3:20  Overlord  
  37  3:38  Overlord  
  37  3:43  Roach  
  37  4:07  Roach x5  
  41  4:17  Roach  
  43  4:18  Roach  
  43  4:22  Roach x3  
  51  4:29  Overlord  
  51  4:37  Roach  
  49  4:42  Drone  
  49  4:43  Drone  
  47  4:57  Roach x2  
  49  5:02  Roach  
  51  5:11  Roach x2  
  55  5:14  Drone  
  55  5:18  Ravager x2  
  55  5:19  Ravager  
  55  5:21  Ravager  
  60  5:27  Overlord  
  60  5:41  Overlord  
  60  5:42  Overlord  
  60  5:46  Roach  
  62  5:53  Drone  
  62  5:54  Drone  
  62  5:55  Drone  
  65  6:00  Extractor  
  64  6:12  Roach  
  64  6:13  Roach x2  
Tags
 
Add a new tag
Caveats
  • Supply blocks, unpowered buildings, or Contaminate may cause inaccurate times.
  • Supply counts are checked every 10 seconds.